 Dungeon Crawl Stone Soup version 0.28-a0-691-gad6df49e81 (webtiles) character file.

Game seed: 10746131014036529925

245 Rocko1345 the Covered (level 5, 0/45 HPs)
             Began as a Demigod Fighter on Oct 22, 2021.
             Slain by a black bear (3 damage)
             ... on level 4 of the Dungeon.
             The game lasted 00:14:58 (3020 turns).

Rocko1345 the Covered (Demigod Fighter)             Turns: 3020, Time: 00:14:58

Health: 0/45       AC:  9    Str: 21    XL:     5   Next: 53%
Magic:  7/7        EV:  9    Int: 10    God:
Gold:   191        SH:  5    Dex: 13    Spells: 4/4 levels left

rFire   . . .      SeeInvis .   m - +2 spear (freeze)
rCold   . . .      Faith    .   c - +0 buckler
rNeg    . . .      Spirit   .   b - +0 scale mail
rPois   .          Reflect  .   d - +1 helmet
rElec   .          Harm     .   (no cloak)
rCorr   .          Rampage  .   (no gloves)
Will    .....                   (no boots)
Stlth   ..........              (no amulet)
HPRegen 0.15/turn               (no ring)
MPRegen 0.10/turn               (no ring)

@: flying
A: high mp 1, forlorn
a: no special abilities


You were on level 4 of the Dungeon.
You visited 1 branch of the dungeon, and saw 4 of its levels.

You collected 246 gold pieces.
You spent 55 gold pieces at shops.

Inventory:

Hand Weapons
 a - a +0 long sword
 j - a +0 dagger of speed
 k - a +0 halberd
 m - a +2 spear of freezing (weapon)
Missiles
 e - 71 bolts
 i - a poisoned dart (quivered)
 n - 2 boomerangs
Armour
 b - a +0 scale mail (worn)
 c - a +0 buckler (worn)
 d - a +1 helmet (worn)
Jewellery
 l - a ring of positive energy
Scrolls
 g - a scroll of teleportation {unknown}
 o - 2 scrolls of identify {unknown}
Potions
 h - a potion of heal wounds


   Skills:
 * Level 3.6 Fighting
 + Level 3.1 Long Blades
 * Level 1.0 Polearms
 + Level 0.5 Throwing
 * Level 3.8 Armour
 + Level 0.3 Stealth
 * Level 3.4 Shields


You had 4 spell levels left.
You didn't know any spells.
Your spell library was empty.

Dungeon Overview and Level Annotations

Branches:
Dungeon (4/15)
 Temple: D:4-7

Shops:
D:1 ::(:!


Innate Abilities, Weirdness & Mutations

Your attributes grow dramatically as you level up.
You have an increased reservoir of magic. (+10% MP)
You shall have no god before yourself.


Message History

You hit the black bear but do no damage.
The black bear is severely wounded.
The black bear bites you. The black bear claws you.
* * * LOW HITPOINT WARNING * * *
The black bear misses you. You block the hound skeleton's attack.
The black bear closely misses you.
The black bear claws you but does no damage.
You block the black bear's attack. You block the hound skeleton's attack.
The black bear bites you.
* * * LOW HITPOINT WARNING * * *
The black bear closely misses you.
The black bear claws you but does no damage.
The hound skeleton bites you but does no damage.
The black bear bites you.
* * * LOW HITPOINT WARNING * * *
The black bear claws you but does no damage. x2
You block the hound skeleton's attack. You block the black bear's attack.
The black bear claws you but does no damage.
The black bear closely misses you. The hound skeleton barely misses you.
The black bear barely misses you. You block the black bear's attack.
The black bear claws you but does no damage.
You block the black bear's attack. The black bear closely misses you.
The black bear claws you but does no damage.
You feel your willpower return. The black bear barely misses you.
The black bear claws you but does no damage.
The black bear misses you.
The black bear bites you but does no damage.
The black bear barely misses you. The black bear claws you.
* * * LOW HITPOINT WARNING * * *
The black bear bites you.
* * * LOW HITPOINT WARNING * * *
The black bear claws you but does no damage.
The black bear barely misses you.
It was a potion of flight.
You feel very buoyant.
You fly up into the air.
The black bear barely misses you. The black bear claws you.
You die...

####..##........<.... #.......
.......#.####..##### #.#####.
...##..........# #.#####.
..###..#.###...#### #.#.....
..###....# #......# #.#.###.
...###...# ##..##.# #.#.###.
._.....#.# #..##.# #.......
...#.....####..##.###.# ###.####
.###...........h@.....# ##...##
..##...######..Z......# ##.....#
..#....# #.###.###.# #......#
......## #.# #.# #># #......#
##.....# #.###.# #.# #.#...##
#.......# #..##.###.# #.##.##
.........####.....>...###.#...###
.........+.......................
.......####...#########.#...###


You could see a black bear (berserk) and a hound skeleton.

Vanquished Creatures
  An ogre (D:4)
  A centaur zombie (D:4)
  An orc wizard (D:3)
  Robin (D:2)
  A gnoll (D:1)
  An adder (D:3)
  2 worms
  8 orcs
  3 endoplasms
  A giant cockroach (D:3)
  13 goblins
  11 hobgoblins
  A ball python (D:1)
  6 bats
  3 frilled lizards
  3 kobolds
  4 rats
61 creatures vanquished.

Notes
Turn   | Place    | Note
-------+----------+-------------------------------------------
     0 | D:1      | Rocko1345 the Demigod Fighter began the quest for the Orb.
     0 | D:1      | Reached XP level 1. HP: 18/18 MP: 3/3
   186 | D:1      | Noticed a floating eye
   193 | D:1      | Noticed a shining eye
   194 | D:1      | Noticed a shining eye
   194 | D:1      | Noticed a shining eye
   200 | D:1      | Reached XP level 2. HP: 23/25 MP: 4/4
   245 | D:1      | Found Ipnech's Book Shop.
   318 | D:1      | Found Weuhi's Antique Weapon Emporium.
   333 | D:1      | Found Aceas's Book Emporium.
   424 | D:1      | Found Vioninn's Book Boutique.
   711 | D:1      | Found Xoycku Qocel's Distillery.
   731 | D:1      | Bought a potion of heal wounds for 55 gold pieces
   955 | D:1      | Reached XP level 3. HP: 27/31 MP: 5/5
  1239 | D:2      | Noticed Robin
  1250 | D:2      | Killed Robin
  1264 | D:2      | HP: 1/31 [goblin[Robin] (2)]
  2266 | D:3      | Reached XP level 4. HP: 30/38 MP: 6/6
  2771 | D:4      | Noticed an ogre
  2799 | D:4      | Killed an ogre
  2800 | D:4      | Reached XP level 5. HP: 39/45 MP: 7/7
  2908 | D:4      | Reached skill level 1 in Polearms
  2952 | D:4      | Noticed a black bear
  3020 | D:4      | Slain by a black bear

Illustrated notes

Levels and vault maps discovered:
D:1:      elethiomel_arrival_maze, layout_loops_ring,
          hellmonk_ecumenical_altar_watching_god, serial_shops,
          nicolae_square_shop, shop, shop_coins, shop_statue,
          nicolae_diamond_shop, minmay_liquid_box
D:2:      layout_rooms, st_stairs_1, uniq_robin
D:3:      layout_rooms
D:4:      layout_loops_corners, trog_three_pillars_becter, minitemple

Skill      XL: |  1  2  3  4  5 |
---------------+----------------+-----
Long Blades    | 2 3 |  3.1
Shields        | 3 |  3.4
Fighting       | 3 |  3.6
Armour         | 3 |  3.8
Polearms       | 1 |  1.0
Throwing       | |  0.5
Stealth        | |  0.3

Action                   |  1- 3 |  4- 6 || total
-------------------------+-------+-------++-------
Melee: Long sword        |    99 |       ||    99
       Spear             |    32 |    57 ||    89
Throw: Dart              |     6 |    10 ||    16
  Use: Potion            |     4 |     1 ||     5
       Scroll            |       |     1 ||     1
 Stab: Invisible         |     1 |       ||     1
Armor: Scale mail        |    93 |    72 ||   165
       Skin              |     9 |       ||     9
Dodge: Dodged            |    82 |    63 ||   145
Block: Buckler           |    38 |    30 ||    68

Table legend: (Time is in decaauts)
 A = Elapsed time spent in this place.
 B = Non-inter-level travel time spent in this place.
 C = Inter-level travel time spent in this place.
 D = Time resting spent in this place.
 E = Time spent auto-exploring this place.
 F = Levels seen in this place.
 G = Mean time per level.
                   A        B        C        D        E       F      G
               +--------+--------+--------+--------+--------+-----+--------+
         Total |   3062 |   3033 |     29 |    639 |   1394 |   4 |  765.5 |
       Dungeon |   3062 |   3033 |     29 |    639 |   1394 |   4 |  765.5 |
               +--------+--------+--------+--------+--------+-----+--------+

Top non-repeatable levels by time:
     D:1: 1632 daAuts
     D:2: 541 daAuts
     D:3: 501 daAuts
     D:4: 387 daAuts
